 Dungeon Crawl Stone Soup version 0.27.1-33-g824d729ab1 (webtiles) character file.

Game seed: 5392288298094679428

427 Astera the Magician (level 6, -2/34 HPs)
             Began as a Tengu Hedge Wizard on Dec 25, 2021.
             Was a Believer of Fedhas.
             Succumbed to a kobold brigand's curare-tipped dart
             ... on level 4 of the Dungeon.
             The game lasted 00:23:38 (5838 turns).

Astera the Magician (Tengu Hedge Wizard)            Turns: 5838, Time: 00:23:39

Health: -2/34      AC:  3    Str: 16    XL:     6   Next: 97%
Magic:  2/15       EV: 15    Int: 16    God:    Fedhas [**....]
Gold:   152        SH:  5    Dex: 14    Spells: 11/16 levels left

rFire    . . .     SeeInvis .   a - +0 dagger
rCold    . . .     Faith    .   (no shield)
rNeg     . . .     Spirit   .   b - +0 robe
rPois    .         Reflect  +   c - +0 hat
rElec    .         Harm     .   f - +0 cloak
rCorr    .         Rampage  .   (no gloves)
Will     .....                  (boots unavailable)
Stlth    ++........             p - amulet of reflection
HPRegen  0.11/turn              (no ring)
MPRegen  0.14/turn              l - +6 ring of strength

@: lethally poisoned (-2 -> -21), flying quickly and evasively, very slightly
contaminated, slowed, very slow
A: beak, talons 3, nimble flight
a: Renounce Religion, Wall of Briars


You were on level 4 of the Dungeon.
You worshipped Fedhas.
Fedhas was pleased with you.
You visited 1 branch of the dungeon, and saw 4 of its levels.

You collected 152 gold pieces.

Inventory:

Hand Weapons
 a - a +0 dagger (weapon)
Missiles
 j - 2 throwing nets
Armour
 b - a +0 robe (worn)
 c - a +0 hat (worn)
 f - a +0 cloak (worn)
 s - a +0 buckler
Jewellery
 l - a +6 ring of strength (right hand)
 p - an amulet of reflection (around neck)
Scrolls
 d - 5 scrolls of identify {unknown}
 e - a scroll of noise {unknown}
 n - 2 scrolls of teleportation {unknown}
 o - a scroll of immolation {unknown}
 r - a scroll of enchant weapon {unknown}
 u - a scroll of fog {unknown}
Potions
 g - a potion of ambrosia {unknown}
 h - a potion of curing
 i - 3 potions of lignification {unknown}
 k - a potion of brilliance {unknown}
 m - a potion of experience {unknown}
 q - a potion of haste {unknown}
 t - a potion of flight {unknown}


   Skills:
 + Level 1.0 Fighting
 + Level 1.0 Short Blades
 + Level 2.8 Dodging
 + Level 2.6 Stealth
 + Level 5.6 Spellcasting
 + Level 3.8 Conjurations
 + Level 2.3 Summonings
 + Level 0.7 Translocations


You had 11 spell levels left.
You knew the following spells:

 Your Spells              Type           Power      Damage    Failure   Level
a - Magic Dart            Conj           64%        1d6       3%          1
b - Blink                 Tloc           N/A        N/A       16%         2
c - Call Imp              Summ           12%        N/A       9%          2

Your spell library contained the following spells:

 Spells                   Type           Power      Damage    Failure   Level
 Summon Small Mammal      Summ           48%        N/A       5%          1
 Apportation              Tloc           12%        N/A       11%         1
 Animate Skeleton         Necr           8%         N/A       14%         1
 Corona                   Hex            4%         N/A       14%         1
 Conjure Flame            Conj/Fire      10%        6-21      19%         3
 Slow                     Hex            4%         N/A       22%         2
 Mephitic Cloud           Conj/Pois/Air  8%         N/A       26%         3


Dungeon Overview and Level Annotations

Branches:
Dungeon (4/15)
 Temple: D:4-7

Altars:
Fedhas


Innate Abilities, Weirdness & Mutations

You have a beak for a mouth.
You have claws for feet.
Your magical nature lets you fly swiftly and evasively.


Message History

Casting: Call Imp (safe; 9% risk of failure)
Confirm with . or Enter, or press ? or * to list all spells.
A beastly little devil appears in a puff of flame.
Your crimson imp blinks!
Your crimson imp hits the kobold brigand but does no damage.
Your crimson imp blinks!
The kobold brigand throws a curare-tipped dart.
The curare-tipped dart hits you.
You are lethally poisoned!
You have difficulty breathing.
* * * LOW HITPOINT WARNING * * *
You feel as though you will be slow longer.
You feel better.
The kobold brigand throws a curare-tipped dart.
The curare-tipped dart closely misses you.
You swap places.
Your crimson imp hits the kobold brigand but does no damage.
The kobold brigand completely misses you.
Casting: Call Imp (safe; 9% risk of failure)
Confirm with . or Enter, or press ? or * to list all spells.
You miscast Blink.
You are very lightly contaminated with residual magic.
Nothing appears to happen.
Your crimson imp hits the kobold brigand.
The kobold brigand hits your crimson imp with a +0 short sword.
Your crimson imp hits the kobold brigand but does no damage.
Casting: Blink (safe; 16% risk of failure)
Confirm with . or Enter, or press ? or * to list all spells.
You don't have enough magic to cast this spell.
Your crimson imp hits the kobold brigand but does no damage.
The kobold brigand throws a curare-tipped dart.
The curare-tipped dart hits you.
You are lethally poisoned!
You have difficulty breathing.
* * * LOW HITPOINT WARNING * * *
You feel as though you will be slow longer.
Your crimson imp closely misses the kobold brigand.
Your crimson imp misses the kobold brigand.
You die...
Fedhas appreciates your contribution to the ecosystem.

####..##5...#.#
#.#.........#.##. ##. #.####.#
#.#.#.####..#.##. .. #.# #.#
#.#.#)......#.###
...#+#.####.# #.#.#...)..##.#
.............# #.#........##.#
.............#
#.#...<.†....)##
.##..........#
#.#............##
#........55###................
#####.####.K.@......[.......##
.... #..................#
..... #..................#
..... .##.........####.....#
### #...........# #######
#...........# .......#######
#.##.### #.


You could see a kobold brigand (ally target) and 2 friendly crimson imps.

Vanquished Creatures
  A necrophage (D:4)
  An iguana (D:4)
  An orc wizard (D:3)
  A howler monkey zombie (D:4)
  4 gnolls (D:3)
  4 adders (D:3)
  3 worms
  A dart slug (D:2)
  4 orcs (D:3)
  7 ball pythons
  5 endoplasms
  3 giant cockroaches
  10 goblins
  3 hobgoblins
  3 jackals (D:3)
  5 quokkas
  2 bats
  A frilled lizard (D:2)
  3 kobolds
  5 rats
67 creatures vanquished.

Vanquished Creatures (collateral kills)
  A necrophage (D:4)
  A centaur zombie (D:4)
  A jelly (D:4)
  An orc priest (D:3)
  An orc wizard (D:3)
  2 orcs
  An endoplasm (D:4)
8 creatures vanquished.

Grand Total: 75 creatures vanquished

Notes
Turn   | Place    | Note
-------+----------+-------------------------------------------
     0 | D:1      | Astera the Tengu Hedge Wizard began the quest for the Orb.
     0 | D:1      | Reached XP level 1. HP: 10/10 MP: 5/5
   302 | D:1      | Reached XP level 2. HP: 15/15 MP: 2/7
   485 | D:1      | Found a faded altar of an unknown god.
   491 | D:1      | Became a worshipper of Fedhas Madash
   491 | D:1      | Reached * piety under Fedhas
  1088 | D:2      | Reached XP level 3. HP: 19/19 MP: 1/9
  2343 | D:3      | Reached XP level 4. HP: 24/24 MP: 7/10
  2489 | D:3      | Reached skill level 4 in Spellcasting
  2561 | D:3      | Learned a level 2 spell: Blink
  2564 | D:3      | Learned a level 2 spell: Call Imp
  3207 | D:3      | Reached ** piety under Fedhas
  3773 | D:3      | Gained mutation: Your magical nature lets you fly swiftly
                  | and evasively. [Tengu growth]
  3773 | D:3      | Reached XP level 5. HP: 18/28 MP: 1/12
  5367 | D:4      | Noticed a necrophage
  5375 | D:4      | Killed a necrophage
  5376 | D:4      | Reached skill level 1 in Fighting
  5376 | D:4      | Reached skill level 5 in Spellcasting
  5376 | D:4      | Reached XP level 6. HP: 34/34 MP: 8/14
  5499 | D:4      | Noticed a necrophage
  5517 | D:4      | Killed a necrophage
  5803 | D:4      | Reached skill level 1 in Short Blades
  5838 | D:4      | Succumbed to a kobold brigand's curare-tipped dart

Illustrated notes

Levels and vault maps discovered:
D:1:      psy_arrival_conway, layout_rooms, serial_corexii_hall,
          chequers_hall_statues_y, corexii_hall_statues_u,
          shapermc_ecumenical_altar_mp_urbaneastern
D:2:      layout_loops_ring, minmay_misc_feat_chi
D:3:      layout_basic
D:4:      layout_basic

Skill      XL: |  1  2  3  4  5  6 |
---------------+-------------------+-----
Conjurations   | 2 3 |  3.8
Spellcasting   | 4 5 |  5.6
Fighting       | 1 |  1.0
Summonings     | 2 |  2.3
Short Blades   | 1 |  1.0
Dodging        | |  2.8
Stealth        | |  2.6
Translocations | |  0.7

Action                   |  1- 3 |  4- 6 || total
-------------------------+-------+-------++-------
Melee: Dagger            |    36 |    28 ||    64
       Kick              |     9 |    10 ||    19
       Peck              |     3 |     9 ||    12
 Cast: Magic Dart        |    87 |   127 ||   214
       Call Imp          |       |    25 ||    25
  Use: Potion            |     1 |     3 ||     4
Armor: Robe              |     9 |     3 ||    12
Dodge: Dodged            |    23 |    40 ||    63
Block: Other             |       |    12 ||    12
       Reflection        |       |     2 ||     2
